 Dungeon Crawl Stone Soup version 0.30-a0-845-g7c6808c8ce (webtiles) character file.

Game seed: 14207903581299642701

38 cforsyth the Sneak (level 3, 0/22 HPs)
             Began as a Kobold Brigand on Mar 2, 2023.
             Slain by a worm (8 damage)
             ... on level 2 of the Dungeon.
             The game lasted 00:01:43 (958 turns).

cforsyth the Sneak (Kobold Brigand)                  Turns: 958, Time: 00:01:44

Health: 0/22       AC:  3    Str: 14    XL:     3   Next: 65%
Magic:  3/3        EV: 15    Int: 12    God:
Gold:   45         SH:  0    Dex: 18    Spells: 2/2 levels left

rFire   . . .      SeeInvis .    a - +2 dagger
rCold   . . .      Faith    .    (no shield)
rNeg    . . .      Spirit   .    b - +0 robe
rPois   .          Reflect  .    (no helmet)
rElec   .          Rampage  .    c - +0 cloak
rCorr   .                        (no gloves)
Will    .....                    (no boots)
Stlth   ++++                     (no amulet)
HPRegen 0.23/turn                k - +6 ring of strength
MPRegen 0.08/turn                (no ring)

@: no status effects
A: small, no large weapons, nightstalker 3
a: no special abilities


You were on level 2 of the Dungeon.
You visited 1 branch of the dungeon, and saw 2 of its levels.

You collected 45 gold pieces.

Inventory:

Hand Weapons
 a - a +2 dagger (weapon)
Missiles
 d - 9 poisoned darts (quivered)
 e - 3 curare-tipped darts
Armour
 b - a +0 robe (worn)
 c - a +0 cloak (worn)
Jewellery
 k - a +6 ring of strength (left hand)
 n - a +6 ring of dexterity
Scrolls
 f - 3 scrolls of identify {unknown}
 g - a scroll of amnesia {unknown}
 i - a scroll of blinking {unknown}
 j - a scroll of torment {unknown}
 l - a scroll of silence {unknown}
Potions
 h - a potion of mutation {unknown}
 m - a potion of cancellation {unknown}


   Skills:
 + Level 2.7 Fighting
 + Level 3.3 Short Blades
 - Level 2.1 Throwing
 + Level 2.1 Dodging
 + Level 5.8 Stealth


You had 2 spell levels left.
You didn't know any spells.
Your spell library was empty.

Dungeon Overview and Level Annotations

Branches:
Dungeon (2/15)

Altars:

Shops:
D:1 [(


Innate Abilities, Weirdness & Mutations

You are small and have problems with some larger weapons.
You are completely attuned to the shadows.


Message History

A hobgoblin is nearby!
A worm comes into view.
There is a stone staircase leading up here.
The hobgoblin shouts!
You barely miss the worm. You hit the worm but do no damage.
The worm closely misses you.
You hit the worm but do no damage. The hobgoblin closely misses you.
You hit the worm but do no damage. The hobgoblin barely misses you.
The worm completely misses you.
You barely miss the worm. The hobgoblin closely misses you.
You barely miss the worm. The worm bites you! The hobgoblin hits you.
You hit the worm.
The worm is lightly wounded.
You hit the worm.
The worm is moderately wounded.
The hobgoblin hits you but does no damage.
The worm closely misses you.
You hit the worm.
The worm is moderately wounded.
The hobgoblin barely misses you.
You hit the worm.
The worm is moderately wounded.
The worm closely misses you. The hobgoblin closely misses you.
You hit the worm.
The worm is heavily wounded.
The hobgoblin hits you.
You are too injured to fight recklessly!
The hobgoblin attacks as you move away! The hobgoblin closely misses you.
There is a stone staircase leading up here.
You hit the worm.
The worm is severely wounded.
The worm bites you.
You hit the worm.
The worm is severely wounded.
You hit the worm but do no damage. Your punch misses the worm.
The worm is severely wounded.
You hit the worm.
The worm is severely wounded.
The worm bites you!
You die...

.. ###..##..# #.# ##
...
.....##..###.###.+
..#.
##.......#..†^.#.#+#
....
#..###.##.###.#...#
.... .... #....#
#....# ..# ....
####.###.#### #.#
##.# #.....# ..#.
##.#### .... #@#
..## #w# #.##
....g.# ...# ####..#
##.# #..# # #..#


You could see a worm and a hobgoblin.

Vanquished Creatures
  A dart slug (D:1)
  3 endoplasms
  3 giant cockroaches (D:1)
  5 goblins (D:1)
  6 hobgoblins
  A quokka (D:1)
  2 ball pythons (D:1)
  4 bats
  5 frilled lizards
  A rat (D:1)
31 creatures vanquished.

Notes
Turn   | Place    | Note
-------+----------+-------------------------------------------
     0 | D:1      | cforsyth the Kobold Brigand began the quest for the Orb.
     0 | D:1      | Reached XP level 1. HP: 12/12 MP: 1/1
    93 | D:1      | Reached XP level 2. HP: 18/18 MP: 2/2
   458 | D:1      | Found Hadehewy's Antique Weapon Boutique.
   466 | D:1      | Reached XP level 3. HP: 16/22 MP: 3/3
   578 | D:1      | Found Kawuergh's Antique Armour Shoppe.
   958 | D:2      | Slain by a worm

Illustrated notes

Levels and vault maps discovered:
D:1:      amcnicky_arrival_underground_garden, layout_loops_cross, serial_shops,
          nicolae_diamond_shop, nicolae_shop_waterfront
D:2:      cheibrodos_old_hovel, layout_loops_ring, basic_ecumenical_altar,
          serial_shops, nicolae_shop_behind_doors, uniq_natasha

Skill      XL: |  1  2  3 |
---------------+----------+-----
Short Blades   | 3 |  3.3
Dodging        | 2 |  2.1
Fighting       | |  2.7
Throwing       | |  2.1
Stealth        | |  5.8

Action                     || total
---------------------------++-------
  Melee: Dagger            ||    87
   Stab: Sleeping          ||    14
 Armour: Robe              ||     7
  Dodge: Dodged            ||    46

Table legend: (Time is in decaauts)
 A = Elapsed time spent in this place.
 B = Non-inter-level travel time spent in this place.
 C = Inter-level travel time spent in this place.
 D = Time resting spent in this place.
 E = Time spent auto-exploring this place.
 F = Levels seen in this place.
 G = Mean time per level.
                   A        B        C        D        E       F      G
               +--------+--------+--------+--------+--------+-----+--------+
         Total |    943 |    932 |     11 |      0 |    741 |   2 |  471.5 |
       Dungeon |    943 |    932 |     11 |      0 |    741 |   2 |  471.5 |
               +--------+--------+--------+--------+--------+-----+--------+

Top non-repeatable levels by time:
     D:1: 797 daAuts
     D:2: 145 daAuts
